[Event "Early-Titled-Tuesday-Blitz-July-09-2024"]
[Site "Chess.com"]
[Date "2024.07.09"]
[Round "6"]
[White "LewAnatol"]
[Black "ThetNaung291"]
[Result "0-1"]
[WhiteElo "2187"]
[BlackElo "2446"]
[TimeControl "180+1"]
[EndTime "9:08:48 PDT"]
[Termination "ThetNaung291 won on time"]

1. e4 c5 2. Nf3 d6 3. d4 cxd4 4. Nxd4 Nf6 5. Nc3 a6 6. Bg5 Nbd7 7. f4 h6 8. Bxf6 gxf6 9. Qf3 e6 10. O-O-O Qc7 11. f5 Ne5 12. Qh5 Ke7 13. Be2 Qc5 14. Kb1 Bd7 15. Nb3 Qe3 16. fxe6 fxe6 17. Rhe1 Qg5 18.
Qh3 Rg8 19. g3 Rc8 20. Qf1 h5 21. Qf2 h4 22. gxh4 Qg2 23. Qb6 Qxh2 24. Qxd6+ Ke8 25. Bh5+ Kd8 26. Qxe6 Qg3 27. Be8 Qxe1 28. Qb6+ Kxe8 29. Rxe1 Bc6 30. Qf2 Be7 31. Nd4 Bd7 32. Nf5 Bxf5 33. Qxf5 Kf7 34. Nd5 Bd8 35. Qxc8 Rg1 0-1

[Event "Early-Titled-Tuesday-Blitz-July-09-2024"]
[Site "Chess.com"]
[Date "2024.07.09"]
[Round "6"]
[White "Happy1712Drummer"]
[Black "yonaltimur"]
[Result "0-1"]
[WhiteElo "2447"]
[BlackElo "2260"]
[TimeControl "180+1"]
[EndTime "9:08:48 PDT"]
[Termination "yonaltimur won on time"]

1. e4 c5 2. Nf3 d6 3. Bb5+ Bd7 4. Bxd7+ Qxd7 5. O-O Nc6 6. d3 Nf6 7. Bg5 e6 8. Bxf6 gxf6 9. Nc3 Be7 10. d4 cxd4 11.
Nxd4 h5 12. Nxc6 Qxc6 13. Qf3 h4 14. h3 O-O-O 15. Rad1 Rdg8 16. Rd3 Rg5 17. Ne2 Rhg8 18. Rc3 Rc5 19. Rd1 Rxc3 20. Qxc3 Qxc3 21. Nxc3 Rg5 22. Rd3 Kd7 23. Ne2 Rc5 24. c3 f5 25. exf5 Rxf5 26. Nd4 Rd5 27. c4 Rc5 28. b3 Bf6 29. Nb5 d5 30. Nxa7 Ke8 31. cxd5 Rc1+ 32. Kh2 Rc2 33. f4 Rxa2 34. Nb5 exd5 35. Nc7+ Kf8 36. Nxd5 Bg7 37. Ne3 Re2 38. Nf5 Bf6 39. Re3 Rf2 40. Rd3 Rxf4 41. Nd6 Rf1 42. Nc4 Bg5 0-1

[Event "Early-Titled-Tuesday-Blitz-July-09-2024"]
[Site "Chess.com"]
[Date "2024.07.09"]
[Round "6"]
[White "alexrustemov"]
[Black "HansOnTwitch"]
[Result "0-1"]
[WhiteElo "2877"]
[BlackElo "3128"]
[TimeControl "180+1"]
[EndTime "9:08:51 PDT"]
[Termination "HansOnTwitch won by resignation"]

1. d4 Nf6 2. c4 e6 3. Nf3 d5 4.
Nc3 c6 5. e3 a6 6. c5 Nbd7 7.
b4 b6 8. Rb1 Ne4 9. Qc2 Nxc3 10. Qxc3 b5 11. Bd3 f5 12. O-O g5 13. a4 g4 14. Ne5 Nxe5 15. dxe5 h5 16. Bb2 h4 17. Qd2 Ra7 18. Bd4 Bg7 19. Rfe1 Rf7 20. f4 gxf3 21. gxf3 Qg5+ 22. Qg2 Qh5 23. Kh1 Bh6 24. f4 Rg7 25. Qf2 Rhg8 26. Be2 Qf7 27. axb5 Rg2 28. Qxg2 Rxg2 29.
Kxg2 cxb5 30. Kf2 Bf8 31. Rg1 Be7 32. Rg2 h3 33. Rgg1 Bh4+ 34. Kf1 Kd7 35. Ra1 Kc6 36. Bf3 Kb7 37. Ke2 Bd7 38. Kd3 Qh7 39. Ke2 Be8 40.
Rgc1 Bd8 41. c6+ Bxc6 42. Rxa6 Kxa6 43. Rxc6+ Kb7 44. Rxe6 Qg7 45. Bxd5+ Kb8 46. Re8 Qd7 47. e6 Qxe8 48. e4 Qh5+ 49. Ke3 fxe4 50. Kxe4 Qe2+ 51. Kf5 Qd3+ 0-1

[Event "Early-Titled-Tuesday-Blitz-July-09-2024"]
[Site "Chess.com"]
[Date "2024.07.09"]
[Round "6"]
[White "VacheH009"]
[Black "Os55555"]
[Result "0-1"]
[WhiteElo "2517"]
[BlackElo "2347"]
[TimeControl "180+1"]
[EndTime "9:08:52 PDT"]
[Termination "Os55555 won on time"]

1. d4 Nf6 2. Nf3 e6 3. c4 d5 4. Nc3 c6 5. Bg5 Nbd7 6. e3 Qa5 7.
cxd5 Nxd5 8. Qb3 Bb4 9. Rc1 O-O 10.
a3 Bd6 11. Be2 Nxc3 12. Qxc3 Qxc3+ 13. Rxc3 Nb6 14. O-O Bd7 15. e4 f6 16. Be3 Rad8 17.
Rd1 Bc7 18. h3 f5 19. Bg5 Rde8 20. e5 Nd5 21. Rcc1 Bb6 22. Bc4 f4 23. Bxd5 exd5 24.
g3 fxg3 25. Rd3 gxf2+ 26. Kxf2 Bxh3 27. Kg3 Bf5 28. Rb3 Be4 29. Bf4 h6 30. Rd1 Rf7 31. Bc1 Bc2 32. Rdd3 Bxb3 33. Rxb3 Kh7 34. a4 g5 35. Be3 Ref8 36. Ne1 Rf1 37. Bd2 Bxd4 38.
e6 Be5+ 39. Kg4 Rg1+ 0-1

[Event "Early-Titled-Tuesday-Blitz-July-09-2024"]
[Site "Chess.com"]
[Date "2024.07.09"]
[Round "6"]
[White "chrisclaireredfield"]
[Black "oykuince"]
[Result "1-0"]
[WhiteElo "2511"]
[BlackElo "2137"]
[TimeControl "180+1"]
[EndTime "9:08:52 PDT"]
[Termination "chrisclaireredfield won by checkmate"]

1. Nf3 Nf6 2. g3 g6 3. Bg2 Bg7 4. O-O O-O 5. d4 d6 6. b3 Bg4 7. h3 Bxf3 8. Bxf3 c6 9. Bb2 Nbd7 10.
Nd2 Qc7 11. e4 e5 12. dxe5 Nxe5 13. Bg2 Rfe8 14. f4 Ned7 15. Re1 Nh5 16. Bxg7 Kxg7 17. Qf3 Qa5 18. Nc4 Qc5+ 19. Kh2 b5 20. Ne3 a5 21. Rad1 Rad8 22. c4 Nhf6 23. cxb5 cxb5 24. Nd5 Nxd5 25.
Rxd5 Qb4 26. Red1 Nf6 27. R5d4 Qa3 28. e5 Nh5 29. Rxd6 Rxd6 30. exd6 Qxa2 31. d7 Rd8 32. Qc3+ Nf6 33. Qc8 Qe2 34. Rd6 Qe7 35. Qc6 Nxd7 36. Qc7 Qe8 37. h4 h5 38. Kh3 Qe7 39. Bc6 Qe1 40.
Rxd7 Qe6+ 41. Kh2 Rxd7 42. Qxd7 Qxb3 43. Bxb5 Qc2+ 44. Kh3 Qc1 45. Qd5 Qe1 46. Bc4 Qg1 47. Qxf7+ Kh6 48. Qf8+ Kh7 49. Bg8+ Kh8 50. Bf7+ Kh7 51.
Qg8+ Kh6 52. Qxg6# 1-0

[Event "Early-Titled-Tuesday-Blitz-July-09-2024"]
[Site "Chess.com"]
[Date "2024.07.09"]
[Round "6"]
[White "MarijaKuznecova"]
[Black "zverr1"]
[Result "1-0"]
[WhiteElo "2436"]
[BlackElo "2534"]
[TimeControl "180+1"]
[EndTime "9:08:53 PDT"]
[Termination "MarijaKuznecova won on time"]

1. e4 c5 2. Nf3 g6 3. d4 cxd4 4.
Nxd4 Nc6 5. Nc3 Bg7 6. Be3 Nf6 7. Bc4 Qa5 8. O-O O-O 9. h3 d6 10. Nd5 Nxd5 11. exd5 Nxd4 12. Bxd4 Bf5 13. c3 Rac8 14. Bb3 Bxd4 15. Qxd4 Qc5 16. Qh4 Rc7 17. Rfe1 Re8 18.
Re3 b5 19. Rae1 f6 20. g4 Bc8 21. g5 f5 22. Qf4 Bb7 23. Rd1 Kf7 24. Qf3 a5 25. a3 a4 26. Ba2 Kg7 27. Qe2 Qb6 28. Re1 e5 29. dxe6 Qc6 30. f3 d5 31. Rd3 Qd6 32.
Qe5+ Qxe5 33. Rxe5 Rce7 34. Bxd5 Bxd5 35. Rdxd5 Rxe6 36. Rxe6 Rxe6 37. Rxb5 Re2 38. c4 Rc2 39. Rb4 Kf7 40.
Rxa4 Rxb2 41. Ra7+ Kg8 42. c5 Rc2 43. Rc7 Rc4 44.
c6 1-0

[Event "Early-Titled-Tuesday-Blitz-July-09-2024"]
[Site "Chess.com"]
[Date "2024.07.09"]
[Round "6"]
[White "Rile-Man"]
[Black "Kirill_Klukin"]
[Result "0-1"]
[WhiteElo "2659"]
[BlackElo "2926"]
[TimeControl "180+1"]
[EndTime "9:08:54 PDT"]
[Termination "Kirill_Klukin won by checkmate"]

1. d4 Nf6 2. Bf4 d5 3. e3 c5 4. Nf3 Nc6 5. Nbd2 e6 6. c3 Bd6 7.
Bg3 O-O 8. Bd3 b6 9. Qe2 Qc7 10. e4 dxe4 11. Nxe4 Nxe4 12. Bxe4 cxd4 13. Rd1 e5 14.
Ng5 h6 15. h4 Bb7 16. Qh5 Ne7 17. cxd4 Bb4+ 18. Kf1 Bxe4 19. Nxe4 Qc2 20. Qe2 Qxe2+ 21.
Kxe2 f5 22. Nc3 f4 23. Bh2 Bxc3 24. bxc3 e4 25. f3 Nd5 26. Rc1 exf3+ 27. Kxf3 Rae8 28.
c4 Re3+ 29. Kf2 Nf6 30. Bxf4 Ng4+ 31. Kg1 Rxf4 32. c5 bxc5 33. dxc5 Rf7 34. c6 Rc7 35. h5 Rxc6 36. Rd1 Rc2 37. Rh4 Rg3 38. Kh1 Rcxg2 39.
Rf1 Nf2+ 40. Rxf2 Rxf2 41. Rc4 Rf7 42. Rc8+ Kh7 43. Rc4 Rg5 44. Rh4 Rff5 45. Rb4 Rxh5+ 46. Kg2 Rhg5+ 47. Kh3 Rb5 48. Ra4 Ra5 49. Rc4 Ra3+ 50.
Rc3 Rxc3+ 51. Kh4 Ra5 52. a4 Rxa4+ 53. Kh5 Rc5# 0-1

[Event "Early-Titled-Tuesday-Blitz-July-09-2024"]
[Site "Chess.com"]
[Date "2024.07.09"]
[Round "6"]
[White "Andrey-Ivanov2011"]
[Black "boguszp"]
[Result "1-0"]
[WhiteElo "2157"]
[BlackElo "1941"]
[TimeControl "180+1"]
[EndTime "9:08:58 PDT"]
[Termination "Andrey-Ivanov2011 won on time"]

1. e4 c6 2. Nc3 d5 3. Nf3 Bg4 4. h3 Bxf3 5. Qxf3 e6 6. exd5 cxd5 7. d4 Nc6 8. Be3 Nf6 9. a3 Be7 10. Bd3 O-O 11. O-O h6 12. Qg3 Qd6 13. Bf4 Qd7 14. Bxh6 Nh5 15. Qg4 f5 16. Qxh5 gxh6 17. Qg6+ Kh8 18.
Qxh6+ Kg8 19. Rfe1 Rf6 20. Qg5+ Kf7 21. Qh5+ Kg7 22.
Re3 Rg6 23. Rg3 Rxg3 24. fxg3 Rh8 25. Qe2 Nxd4 26. Qe5+ Bf6 27. Qf4 Kf7 28. Re1 Re8 29. g4 Rg8 30. gxf5 Nxf5 31. Bxf5 exf5 32. Rf1 Bxc3 33.
bxc3 Kf6 34. Qh4+ Kg6 35. Rf3 Rg7 36. Rg3+ Kf7 37. Qh5+ Kg8 38. Re3 Re7 39. Qg6+ Kf8 40. Qf6+ Ke8 41. Qh8+ Kf7 42. Qh7+ Kf8 43. Rxe7 Qxe7 44.
Qxf5+ Ke8 45. Qxd5 Qe3+ 46. Kh2 Qxc3 47. Qe4+ Kf7 48. Qf3+ Qxf3 49. gxf3 b5 50. c3 a5 51. Kg3 Kf6 52. Kf4 Ke6 53. Ke4 Kd6 54. Kd4 Kc6 55. h4 Kd6 56. h5 Ke6 57. Kc5 b4 58. cxb4 axb4 59. axb4 1-0

[Event "Early-Titled-Tuesday-Blitz-July-09-2024"]
[Site "Chess.com"]
[Date "2024.07.09"]
[Round "6"]
[White "aanshnerurkar"]
[Black "FoggyMorning"]
[Result "0-1"]
[WhiteElo "2462"]
[BlackElo "2661"]
[TimeControl "180+1"]
[EndTime "9:08:59 PDT"]
[Termination "FoggyMorning won on time"]

1. e4 e6 2. d4 d5 3. Nd2 c5 4.
Ngf3 cxd4 5. Nxd4 Nc6 6. Bb5 Bd7 7.
Nxc6 bxc6 8. Bd3 Bd6 9. Qe2 Qc7 10. Nf3 e5 11. exd5 cxd5 12. Nxe5 Bxe5 13. f4 f6 14. O-O Ne7 15. fxe5 Qxe5 16. Qf2 Qd6 17. Re1 Kf7 18. Be3 Qc7 19. Kh1 Ng6 20. Bd4 Rhe8 21. Qf3 Bc6 22. Qh5 Kg8 23. Rf1 Qf7 24. Rf3 Nf8 25. Qh4 Bd7 26. Rg3 Kh8 27. Rf1 Rac8 28. h3 Rc6 29. Kh2 a6 30. Rgf3 Rce6 31. Qg3 Qe7 32.
Qf2 Qd6+ 33. Kg1 Ng6 34. Kh1 Ne5 35. Bxe5 Qxe5 0-1

[Event "Early-Titled-Tuesday-Blitz-July-09-2024"]
[Site "Chess.com"]
[Date "2024.07.09"]
[Round "6"]
[White "patzer-reloaded"]
[Black "lluiss"]
[Result "0-1"]
[WhiteElo "2342"]
[BlackElo "2183"]
[TimeControl "180+1"]
[EndTime "9:09:00 PDT"]
[Termination "lluiss won on time"]

1. d4 Nf6 2. Bf4 g6 3. Nc3 d5 4.
Nb5 Na6 5. e3 Bg7 6. Nf3 O-O 7.
h3 Ne8 8. c4 dxc4 9. Bxc4 Nd6 10. Be2 Nb4 11. Nc3 Nc6 12. O-O Nf5 13. Rc1 h6 14. d5 Nb4 15. a3 Bxc3 16. bxc3 Nxd5 17.
Bh2 Nf6 18. Nd4 c5 19. Nb5 Bd7 20. Qb3 Qb6 21. Bc7 Qc6 22. c4 a6 23. Bf3 Qe6 24.
Nc3 Rac8 25. Nd5 Bc6 26. Bf4 b5 27. Nxf6+ Qxf6 28. Bxc6 Qxc6 29. cxb5 axb5 30. Rfd1 c4 31. Qc3 Rfd8 32. Rd2 Rd5 33. Rcd1 Rcd8 34. Rxd5 Rxd5 35.
Rxd5 Qxd5 36. f3 Nd6 37. Bxh6 Qd1+ 38. Kh2 Qd3 0-1

[Event "Early-Titled-Tuesday-Blitz-July-09-2024"]
[Site "Chess.com"]
[Date "2024.07.09"]
[Round "6"]
[White "Zohid6"]
[Black "Vladimir_Zakhartsov"]
[Result "1/2-1/2"]
[WhiteElo "2983"]
[BlackElo "2898"]
[TimeControl "180+1"]
[EndTime "9:09:02 PDT"]
[Termination "Game drawn by repetition"]

1. e4 c5 2. Nf3 d6 3. Bb5+ Nd7 4. c3 Nf6 5. Qe2 e5 6. O-O Be7 7. d4 O-O 8. dxe5 Nxe5 9. Nxe5 dxe5 10. a4 Qc7 11. Bg5 Ne8 12. Bxe7 Qxe7 13. Bxe8 Rxe8 14. Na3 Be6 15. Nc2 c4 16. Ne3 Qc5 17. Rfd1 Rad8 18. Rxd8 Rxd8 19. Rd1 Rb8 20. h4 h6 21. Nd5 b5 22. a5 Kf8 23. Qh5 f6 24. Nb4 Re8 25. Qe2 Qc7 26. a6 Qc5 27. g3 Ke7 28. Kg2 Rd8 29. Rxd8 Kxd8 30. Qd2+ Kc7 31.
h5 Bf7 32. g4 Be6 33. f3 Kc8 34. Kf1 Kc7 35. Qe2 Bf7 36. Qd2 Be6 37. Qd1 Qe3 38.
Kg2 Bf7 39. Kf1 Be6 40. Nc2 Qb6 41. Qa1 Bc8 42. Nb4 Be6 43. Ke2 Kc8 44. Qa3 Qc5 45. Qa5 Bf7 46. Nc2 Be6 47. Ne3 Bd7 48. Nd5 Be6 49.
Ne3 Bd7 50. Qa1 Be6 51. Qa5 1/2-1/2

[Event "Early-Titled-Tuesday-Blitz-July-09-2024"]
[Site "Chess.com"]
[Date "2024.07.09"]
[Round "6"]
[White "Djager97"]
[Black "RobertoJBM"]
[Result "1-0"]
[WhiteElo "2631"]
[BlackElo "2835"]
[TimeControl "180+1"]
[EndTime "9:09:02 PDT"]
[Termination "Djager97 won on time"]

1. e4 c6 2. d4 d5 3. exd5 cxd5 4.
Bd3 Nc6 5. c3 g6 6. h3 Bf5 7. Be2 Nf6 8. Nf3 Bg7 9. Bf4 O-O 10.
Nbd2 Ne4 11. O-O Nxd2 12. Qxd2 Re8 13. Rfe1 Rc8 14. Bf1 Be4 15. Ng5 Bf5 16. g4 Bd7 17. Bg2 e6 18. Nf3 Na5 19. b3 Bb5 20. Re3 b6 21.
Rae1 Nc6 22. h4 Qd7 23. h5 e5 24. Nxe5 Nxe5 25. Bxe5 Qxg4 26. Bxg7 Kxg7 27. h6+ Kf8 28. Rxe8+ Rxe8 29. Rxe8+ Bxe8 30. c4 dxc4 31. bxc4 Ke7 32. d5 Qxc4 33. Qe3+ Kd8 34. Qe5 Qc1+ 35. Kh2 Qxh6+ 36.
Kg3 Qc1 37. d6 Qa3+ 38. Bf3 Bd7 39. Qe7+ Kc8 40. Qf8+ 1-0

[Event "Early-Titled-Tuesday-Blitz-July-09-2024"]
[Site "Chess.com"]
[Date "2024.07.09"]
[Round "6"]
[White "praveenb2002"]
[Black "HaryKane"]
[Result "1-0"]
[WhiteElo "2836"]
[BlackElo "2608"]
[TimeControl "180+1"]
[EndTime "9:09:03 PDT"]
[Termination "praveenb2002 won by resignation"]

1. e4 e5 2. Nf3 Nc6 3. Bc4 Nf6 4. d3 Bc5 5. c3 d6 6. O-O h6 7. b4 Bb6 8. a4 a6 9. Nbd2 O-O 10. Bb3 d5 11. exd5 Nxd5 12. Ne4 Be6 13. Bd2 f5 14. Ng3 Qf6 15. Re1 Bf7 16. b5 axb5 17. axb5 Rxa1 18. Qxa1 Nf4 19. Bxf7+ Qxf7 20. bxc6 Nxd3 21. Nxe5 Bxf2+ 22. Kf1 Qd5 23. c4 Qd6 24. Nxd3 Bxe1 25. Nxe1 Qxd2 26. cxb7 Qb4 27. Qa7 Qxc4+ 28. Kg1 Qb4 29. Nf3 f4 30. Ne2 Re8 31. h3 Kh7 32. Ned4 c5 33. Nc6 Qb1+ 34.
Kh2 Qg6 35. Qa1 Qxc6 36. Qb1+ Qg6 37. b8=Q Rxb8 38. Qxb8 Qg3+ 39. Kh1 Qf2 40. Qxf4 Qf1+ 41. Kh2 c4 42. Ng5+ 1-0

[Event "Early-Titled-Tuesday-Blitz-July-09-2024"]
[Site "Chess.com"]
[Date "2024.07.09"]
[Round "6"]
[White "Hudijegszid"]
[Black "EternalNight8"]
[Result "0-1"]
[WhiteElo "2501"]
[BlackElo "2388"]
[TimeControl "180+1"]
[EndTime "9:09:05 PDT"]
[Termination "EternalNight8 won by resignation"]

1. Nf3 Nf6 2. b4 g6 3. Bb2 Bg7 4. g3 O-O 5. Bg2 d5 6. O-O a5 7. b5 c5 8. d3 b6 9. c4 Bb7 10. a4 Nbd7 11. Nbd2 d4 12. Qc2 e5 13. Rae1 Nh5 14.
e3 f5 15. exd4 cxd4 16. Ba3 Re8 17. Nb3 Rc8 18. Nfd2 Bxg2 19. Kxg2 Qc7 20. f3 Bh6 21. c5 Nxc5 22. Bxc5 bxc5 23. Nc4 Nf6 24. Nbxa5 Nd5 25. Nc6 Be3 26. a5 h5 27. a6 h4 28. a7 Nb4 29.
Nxb4 cxb4 30. b6 Qxb6 31. Nxb6 Rxc2+ 32. Kh1 hxg3 33. hxg3 Ra2 34. Ra1 Rd2 35. a8=Q Rxa8 36. Rxa8+ Kf7 37. Nd5 b3 38. Nxe3 dxe3 39. Rb8 e2 40.
Re1 Rd1 41. Kg2 Rxe1 42. Kf2 Rb1 43. Kxe2 b2 44. Kd2 Rf1 45. Rxb2 Rf2+ 46. Kc3 Rxf3 47.
g4 fxg4 48. Rg2 g3 49. Kd2 Rf2+ 50. Rxf2+ gxf2 51. Ke2 Ke6 52. Kxf2 Kd5 53. Ke3 g5 54. Ke2 Kd4 55. Kd2 g4 56. Ke2 g3 57. Kf3 Kxd3 58. Kxg3 e4 59. Kf2 Kd2 0-1

[Event "Early-Titled-Tuesday-Blitz-July-09-2024"]
[Site "Chess.com"]
[Date "2024.07.09"]
[Round "6"]
[White "noblerone"]
[Black "AndresDelgado77"]
[Result "0-1"]
[WhiteElo "2497"]
[BlackElo "2342"]
[TimeControl "180+1"]
[EndTime "9:09:05 PDT"]
[Termination "AndresDelgado77 won on time"]

1. d4 Nf6 2. Nf3 c5 3. c3 b6 4.
Bg5 Ne4 5. Bf4 Bb7 6. e3 g6 7.
Be5 f6 8. Bg3 Bg7 9. Bc4 d5 10.
Bb5+ Bc6 11. Bd3 O-O 12. Nbd2 Nxg3 13. hxg3 e5 14. dxe5 fxe5 15. e4 d4 16. Bc4+ Kh8 17. Nh4 Qf6 18. Qf3 Nd7 19. Qxf6 Rxf6 20. g4 Nf8 21.
Ndf3 b5 22. Bd5 Bxd5 23. exd5 e4 24. Ng5 Re8 25. O-O-O Kg8 26. Rhe1 Rf4 27. g3 Rxg4 28.
f3 Rxg5 29. fxe4 Rxg3 30. cxd4 Bxd4 31. Rh1 Nd7 32. Kb1 Ne5 33. d6 Rd8 34. Rhf1 Rxd6 35. Rd2 Nc4 36. Re2 Nxb2 0-1

[Event "Early-Titled-Tuesday-Blitz-July-09-2024"]
[Site "Chess.com"]
[Date "2024.07.09"]
[Round "6"]
[White "woodpusher52"]
[Black "Sic_Transit_GM"]
[Result "0-1"]
[WhiteElo "2744"]
[BlackElo "2603"]
[TimeControl "180+1"]
[EndTime "9:09:06 PDT"]
[Termination "Sic_Transit_GM won by checkmate"]

1. d4 d5 2. Nf3 Nf6 3. c4 dxc4 4. e3 Bg4 5. Bxc4 e6 6. h3 Bh5 7. Qb3 Bxf3 8. gxf3 c5 9. Qxb7 Nbd7 10. O-O cxd4 11.
Rd1 Rb8 12. Qxa7 Bc5 13. Qa4 O-O 14. exd4 Bd6 15. Bg5 Rb4 16. Qc2 Qb8 17. b3 Bh2+ 18. Kg2 h6 19. Bh4 Nh5 20. Be7 Bd6 21. Bxf8 Qxf8 22.
Nc3 Qe7 23. Ne4 Bb8 24. Ng3 Nf4+ 25. Kf1 Qh4 26. Ke1 Qxh3 27. Qe4 Nf6 28. Qc6 Qg2 29. a3 Qg1+ 30. Nf1 Ng2+ 31. Ke2 Nh5 32. Qe8+ Kh7 33.
Bd3+ f5 34. axb4 Nhf4+ 35. Kd2 Qxf2+ 36. Kc3 Nd5+ 37. Kc4 Qb2 38. Qxe6 Qc3+ 39. Kxd5 Nf4# 0-1

[Event "Early-Titled-Tuesday-Blitz-July-09-2024"]
[Site "Chess.com"]
[Date "2024.07.09"]
[Round "6"]
[White "talaicito"]
[Black "kritipatel"]
[Result "1-0"]
[WhiteElo "2345"]
[BlackElo "2134"]
[TimeControl "180+1"]
[EndTime "9:09:06 PDT"]
[Termination "talaicito won by checkmate"]

1. d4 d5 2. Bf4 Nf6 3. Nc3 a6 4.
e3 e6 5. Nf3 c5 6. dxc5 Bxc5 7.
Bd3 Nc6 8. O-O O-O 9. e4 dxe4 10. Nxe4 Nxe4 11. Bxe4 Qb6 12. Bxh7+ Kxh7 13. Ng5+ Kg6 14. Qd3+ f5 15. Qg3 Rg8 16. Nxe6+ Kf7 17. Ng5+ Kf8 18.
Rad1 Be7 19. Bd6 Nd4 20. Bxe7+ Kxe7 21. Qe5+ Ne6 22. Rfe1 Bd7 23. Rxd7+ Kxd7 24. Nxe6 Qd6 25.
Qxf5 Kc6 26. Qf3+ Kb6 27. Qe3+ Kc6 28. f4 Rae8 29. f5 g6 30. Qf3+ Kd7 31. Rd1 gxf5 32.
Rxd6+ Kxd6 33. Nd4 Re1+ 34. Kf2 Re5 35. Nxf5+ Ke6 36.
g4 Rd8 37. Qxb7 Rd2+ 38. Kf3 Rxc2 39. Qxa6+ Kf7 40. Qb7+ Kf6 41. Qg7+ Ke6 42. Qg6+ Kd5 43. Qd6+ Kc4 44. Qxe5 Rd2 45. Ne3+ Kd3 46. Qc3# 1-0

[Event "Early-Titled-Tuesday-Blitz-July-09-2024"]
[Site "Chess.com"]
[Date "2024.07.09"]
[Round "6"]
[White "Oleksandr_Bortnyk"]
[Black "evgchess5"]
[Result "1-0"]
[WhiteElo "3073"]
[BlackElo "2861"]
[TimeControl "180+1"]
[EndTime "9:09:08 PDT"]
[Termination "Oleksandr_Bortnyk won on time"]

1. e4 e5 2. Nf3 Nc6 3. Bb5 Nf6 4. Qe2 Bc5 5. c3 O-O 6. d3 d6 7. h3 Bb6 8. Ba4 Ne7 9. Nbd2 c6 10. Nf1 Ng6 11.
g4 d5 12. Bc2 Re8 13. Ng3 Nf4 14. Qf1 Qd6 15. g5 N6h5 16. Bd2 Be6 17. O-O-O d4 18.
cxd4 Bxd4 19. Nxd4 Qxd4 20. Bc3 Qd6 21. d4 exd4 22.
Rxd4 Qc5 23. Nxh5 Nxh5 24. h4 a5 25. Qd1 g6 26. a3 b5 27. Qd2 b4 28. axb4 axb4 29.
Rxb4 Ra1+ 30. Bb1 Rea8 31. Rd1 h6 32. Qd8+ Qf8 33. Qd4 Kh7 34. Rb7 Nf4 35. Qe3 Nh5 36. Qf3 Qe8 37. b3 c5 38. Bxa1 Rxa1 39. Qc3 Ra8 40.
Qe5 1-0

[Event "Early-Titled-Tuesday-Blitz-July-09-2024"]
[Site "Chess.com"]
[Date "2024.07.09"]
[Round "6"]
[White "PLAYER_2006_M"]
[Black "Individoom"]
[Result "1/2-1/2"]
[WhiteElo "2942"]
[BlackElo "2758"]
[TimeControl "180+1"]
[EndTime "9:09:09 PDT"]
[Termination "Game drawn by repetition"]

1. e4 c5 2. Nf3 g6 3. c3 Bg7 4.
d4 cxd4 5. cxd4 d5 6. exd5 Nf6 7. h3 O-O 8. Be2 Nxd5 9. O-O Nc6 10. Nc3 h6 11. Qb3 Nxc3 12. bxc3 b6 13. Qa4 Bb7 14. Be3 Rc8 15. Rac1 Na5 16. Rfd1 Bc6 17. Qc2 Bd5 18. Nd2 Nc4 19. Nxc4 Bxc4 20. Bf3 Kh7 21. Re1 e6 22. Bf4 Bd5 23. Be2 Bc4 24. Bxc4 Rxc4 25. Qd3 Qd5 26. Be5 Rfc8 27. Bxg7 Kxg7 28. Re5 Qd6 29. Qe3 Qa3 30. d5 Rxc3 31. Rxc3 Rxc3 32. Qd4 Qc5 33. Qf4 exd5 34. Re8 Rc1+ 35. Kh2 Qc7 36. Re5 f6 37. Re7+ Qxe7 38. Qxc1 d4 39. Qc6 d3 40. f4 h5 41. Qd5 Qe3 42. Qd7+ Kh6 43. Qd6 Kg7 44. Qd7+ Kf8 45. Qd8+ Kf7 46. Qd7+ Kg8 47.
Qd8+ Kh7 48. Qd7+ Kh6 49. Qd6 Kg7 50. Qd7+ 1/2-1/2

[Event "Early-Titled-Tuesday-Blitz-July-09-2024"]
[Site "Chess.com"]
[Date "2024.07.09"]
[Round "6"]
[White "DanylaBagrov"]
[Black "Flawless_Fighter"]
[Result "0-1"]
[WhiteElo "2600"]
[BlackElo "2788"]
[TimeControl "180+1"]
[EndTime "9:09:09 PDT"]
[Termination "Flawless_Fighter won by resignation"]

1. e4 c6 2. Nf3 d5 3. d3 g6 4.
Be2 Bg7 5. O-O e5 6. Re1 Ne7 7. Bf1 Nd7 8. Nc3 O-O 9. d4 f5 10. Ng5 Nb6 11. exd5 e4 12. dxc6 bxc6 13. f3 h6 14. Nh3 Qxd4+ 15. Qxd4 Bxd4+ 16. Kh1 g5 17. fxe4 f4 18. Ng1 Be6 19. e5 Nf5 20. Nf3 Be3 21.
Bd3 Rad8 22. Bxf5 Bxf5 23. Bxe3 fxe3 24. Rxe3 Nc4 25. Re2 Nxb2 26. e6 Rfe8 27. Rae1 Re7 28. Re5 Bg4 29. Ne4 Rxe6 30. Rxe6 Bxe6 31. Nexg5 Bxa2 32.
Ne4 Kg7 33. Nh4 Bd5 34. Nc5 Kf6 35. h3 Nc4 36. Rf1+ Ke5 37. Ng6+ Kd4 38. Nf4 Kxc5 39. Rd1 Bxg2+ 40. Kxg2 Rxd1 0-1

[Event "Early-Titled-Tuesday-Blitz-July-09-2024"]
[Site "Chess.com"]
[Date "2024.07.09"]
[Round "6"]
[White "maroro07"]
[Black "Kotofeyca"]
[Result "1-0"]
[WhiteElo "2398"]
[BlackElo "2499"]
[TimeControl "180+1"]
[EndTime "9:09:09 PDT"]
[Termination "maroro07 won on time"]

1. d4 d5 2. Bf4 c6 3. Nf3 Bg4 4. Ne5 Bh5 5. Nd2 Nd7 6. g4 Nxe5 7. gxh5 Nd7 8. c4 Ngf6 9. h6 gxh6 10. Bh3 e6 11. Qc2 dxc4 12. Nxc4 Nb6 13. Be5 Qd5 14. e4 Bb4+ 15. Ke2 Qxc4+ 16. Qxc4 Nxc4 17. Bxf6 Rg8 18. b3 Nb6 19. Rad1 Rg6 20. Bh4 Bd6 21. Ke3 f5 22. exf5 exf5 23. Bxf5 Rg7 24. Kd3 Rf7 25. Rhe1+ Kf8 26. Be6 Rg7 27. Re3 Rg6 28. Rf3+ Kg7 29. Bf5 Rg2 30. Re1 Nd5 31. Re6 Nf4+ 32. Rxf4 Bxf4 33.
Re7+ Kf8 34. Rxh7 Re8 35. Rh8+ Kf7 36. Rh7+ Kg8 37. Rxb7 Rxh2 38. Bh7+ Kf8 39. Bf6 Rg2 40. Rxa7 h5 41. Be4 1-0

[Event "Early-Titled-Tuesday-Blitz-July-09-2024"]
[Site "Chess.com"]
[Date "2024.07.09"]
[Round "6"]
[White "Kopytkin"]
[Black "JueIes"]
[Result "0-1"]
[WhiteElo "2415"]
[BlackElo "2547"]
[TimeControl "180+1"]
[EndTime "9:09:10 PDT"]
[Termination "JueIes won on time"]

1. d4 Nf6 2. Nf3 d5 3. e3 c5 4. Ne5 Nc6 5. Bd3 c4 6. Be2 Bf5 7. f4 e6 8. O-O Be7 9. Nc3 Ne4 10. Bd2 Nxc3 11. Bxc3 f6 12. Nxc6 bxc6 13. Bf3 O-O 14. Qe2 Qd7 15. Rae1 Bg6 16. e4 Rfe8 17. g4 Bf7 18.
Rf2 Rad8 19. Rg2 c5 20. exd5 exd5 21. Qd2 Bd6 22. Rge2 Rxe2 23. Rxe2 Re8 24. dxc5 Bxc5+ 25. Bd4 Rxe2 26. Bxe2 Qe7 27. Kf2 h6 28. Qe3 Bxd4 29.
Qxd4 g5 30. fxg5 hxg5 31. Bf3 Qe5 32. Qxe5 fxe5 33. Kg3 Kg7 34. h4 gxh4+ 35. Kxh4 d4 36. Kg5 Bg6 37. c3 e4 38. Bxe4 Bxe4 39. cxd4 a5 40. a3 a4 41. Kf4 Bb1 42. Ke5 Kg6 43. d5 Kf7 44. g5 Ke7 45. d6+ Kd7 46. Kd5 Ba2 0-1

[Event "Early-Titled-Tuesday-Blitz-July-09-2024"]
[Site "Chess.com"]
[Date "2024.07.09"]
[Round "6"]
[White "ChessSwole"]
[Black "Orest_Vovk"]
[Result "1-0"]
[WhiteElo "2708"]
[BlackElo "2535"]
[TimeControl "180+1"]
[EndTime "9:09:11 PDT"]
[Termination "ChessSwole won on time"]

1. d4 h6 2. h4 e5 3. dxe5 Nc6 4. Nf3 Qe7 5. Bf4 Qb4+ 6. Bd2 Qxb2 7. Nc3 Bb4 8. Rb1 Qxc3 9. Bxc3 Bxc3+ 10. Nd2 Nxe5 11. Rb3 Ba5 12. Qa1 f6 13. Rb5 Nc4 14. c3 a6 15.
Rc5 Nxd2 16. Rxa5 Nc4 17. Rc5 b5 18. Rxc7 Kd8 19. Rxc4 bxc4 20. e3 d5 21. Qd1 Ne7 22.
Bxc4 Be6 23. e4 Ke8 24. Bxd5 Rd8 25. Qa4+ Kf7 26. c4 Bxd5 27. cxd5 Rhe8 28. O-O Ng6 29. g3 Re7 30. f4 Rde8 31. Re1 Rd8 32. Qxa6 Nf8 33. Qc4 Red7 34. d6+ Kg6 35. e5 fxe5 36. fxe5 Rf7 37. Qd3+ Kh5 38. Rf1 Rxf1+ 39. Qxf1 Ne6 40. Qf5+ g5 41. hxg5 Nxg5 42. Kg2 Rb8 43. Qc2 1-0

[Event "Early-Titled-Tuesday-Blitz-July-09-2024"]
[Site "Chess.com"]
[Date "2024.07.09"]
[Round "6"]
[White "Fh2411"]
[Black "Matols"]
[Result "1-0"]
[WhiteElo "2588"]
[BlackElo "2359"]
[TimeControl "180+1"]
[EndTime "9:09:11 PDT"]
[Termination "Fh2411 won by resignation"]

1. d4 d5 2. c4 e6 3. Nc3 Nf6 4. Bg5 dxc4 5. e3 c5 6. dxc5 Qxd1+ 7.
Rxd1 Bxc5 8. Bxf6 gxf6 9. Bxc4 Bd7 10. Nge2 Bc6 11. Bb5 a6 12. Bxc6+ Nxc6 13. O-O Ke7 14. a3 Rad8 15. Nf4 Ne5 16. Ne4 Ba7 17. b3 f5 18.
Ng3 Ng4 19. Rxd8 Rxd8 20. h3 Ne5 21. Rc1 Bb6 22. Nf1 Nd3 23. Nxd3 Rxd3 24. Rb1 e5 25. g4 f4 26. exf4 exf4 27. Kg2 Kf6 28. a4 Kg5 29. Nh2 Kf6 30. Nf3 Rc3 31. Rb2 Rc1 32. Nd2 Bd4 33. Ne4+ Ke5 34. Re2 Kd5 35. Kf3 Rb1 36.
Nd2 Rb2 37. Kxf4 Bc3 38. Ke3 a5 39. Kd3 Bb4 40. f4 b6 41. Re5+ Kd6 42. Nc4+ 1-0